[Event "2026 European Womens Championship"]
[Site "Batumi, GE"]
[Date "2026.05.28"]
[Round "4"]
[White "Szczotka, Klara"]
[Black "Efroimski, Marsel"]
[Result "1/2-1/2"]
[Board "17"]
[TimeControl "5400+30"]
[WhiteFideId "21858845"]
[BlackFideId "2810964"]
[WhiteElo "2241"]
[BlackElo "2386"]
[WhiteTitle "WFM"]
[BlackTitle "IM"]
[WhiteClock "0:51:29"]
[BlackClock "0:22:08"]
[Variant "Standard"]

1. d4 d5 2. c4 e6 3. Nc3 Nf6 4. cxd5 exd5 5. Bg5 Be7 6. e3 h6 7. Bh4 O-O 8. Bd3 Re8 9. Qc2 c5 10. Nge2 Nc6 11. a3 cxd4 12. exd4 Ng4 13. Bg3 Bh4 14. O-O Bxg3 15. hxg3 Qg5 16. Nf4 Nxd4 17. Qa4 Nc6 18. Ncxd5 Bf5 19. Nh3 Qg6 20. Nhf4 Qg5 21. Nh3 Qg6 22. Nhf4 Qg5 23. Nh3 Qg6 24. Nhf4 1/2-1/2

[Event "2026 European Womens Championship"]
[Site "Batumi, GE"]
[Date "2026.05.28"]
[Round "4"]
[White "Kulon, Klaudia"]
[Black "Mamedjarova, Turkan"]
[Result "1/2-1/2"]
[Board "18"]
[TimeControl "5400+30"]
[WhiteFideId "1131044"]
[BlackFideId "13402005"]
[WhiteElo "2377"]
[BlackElo "2222"]
[WhiteTitle "IM"]
[BlackTitle "WGM"]
[WhiteClock "0:28:53"]
[BlackClock "0:02:45"]
[Variant "Standard"]

1. e4 e5 2. Nf3 Nc6 3. Bc4 Bc5 4. c3 Nf6 5. d4 exd4 6. b4 Bb6 7. e5 d5 8. exf6 dxc4 9. Qe2+ Be6 10. b5 Na5 11. fxg7 Rg8 12. cxd4 Qd7 13. Nc3 O-O-O 14. Bg5 Rde8 15. O-O-O Bg4 16. Qd2 Bxf3 17. gxf3 Rxg7 18. Rhe1 Rgg8 19. Rxe8+ Rxe8 20. Qf4 a6 21. bxa6 bxa6 22. Bf6 Kb8 23. h4 Nb7 24. d5 Nd6 25. Be5 Ba5 26. Kc2 Bxc3 27. Kxc3 Qa4 28. Bxd6 Qxd1 29. Bxc7+ Ka8 30. Qxf7 Qc1+ 31. Kd4 Qb2+ 32. Kc5 Qb5+ 33. Kd4 Qb2+ 34. Kc5 Qb5+ 35. Kd4 Re1 36. Qf8+ Ka7 1/2-1/2

[Event "2026 European Womens Championship"]
[Site "Batumi, GE"]
[Date "2026.05.28"]
[Round "4"]
[White "Peglau, Charis"]
[Black "Vega Gutierrez, Sabrina"]
[Result "0-1"]
[Board "19"]
[TimeControl "5400+30"]
[WhiteFideId "16219996"]
[BlackFideId "2219026"]
[WhiteElo "2238"]
[BlackElo "2375"]
[WhiteTitle "WFM"]
[BlackTitle "IM"]
[WhiteClock "0:01:58"]
[BlackClock "0:20:20"]
[Variant "Standard"]

1. d4 d5 2. Nf3 Nf6 3. Bf4 e6 4. e3 Bd6 5. Bg3 b6 6. Bd3 O-O 7. O-O c5 8. c3 Bxg3 9. hxg3 Ba6 10. Bxa6 Nxa6 11. Nbd2 b5 12. Qe2 c4 13. e4 b4 14. exd5 exd5 15. Ne5 Qd6 16. Rfe1 Nc7 17. g4 Rae8 18. Qf3 bxc3 19. bxc3 Nd7 20. Qf5 Nxe5 21. dxe5 Qa3 22. Re3 f6 23. exf6 Rxe3 24. fxe3 Qxc3 25. Rd1 Qxe3+ 26. Qf2 Qxf2+ 27. Kxf2 Rxf6+ 28. Ke3 Ra6 29. Rb1 Ne6 30. Rb5 Ra3+ 31. Kf2 Rxa2 32. Ke1 c3 33. Nb3 Rb2 0-1

[Event "2026 European Womens Championship"]
[Site "Batumi, GE"]
[Date "2026.05.28"]
[Round "4"]
[White "Atalik, Ekaterina"]
[Black "Kochavi, Dana"]
[Result "1-0"]
[Board "20"]
[TimeControl "5400+30"]
[WhiteFideId "4130189"]
[BlackFideId "2837137"]
[WhiteElo "2372"]
[BlackElo "2209"]
[WhiteTitle "IM"]
[BlackTitle "FM"]
[WhiteClock "0:01:58"]
[BlackClock "0:05:46"]
[Variant "Standard"]

1. d4 Nf6 2. c4 e6 3. Nf3 d5 4. Nc3 dxc4 5. e3 a6 6. Bxc4 b5 7. Bd3 Bb7 8. O-O c5 9. Qe2 Nbd7 10. Rd1 Bd6 11. e4 cxd4 12. Nxd4 Qb8 13. Nf3 h6 14. Bc2 O-O 15. a3 Rd8 16. h3 Qc7 17. Be3 Rac8 18. Rac1 Qb8 19. Bb1 Bf8 20. Bd4 Bc5 21. Bxc5 Nxc5 22. Rxd8+ Rxd8 23. Qe3 Nb3 24. Re1 Na5 25. Ba2 Qc7 26. Rc1 Nc4 27. Bxc4 Qxc4 28. Qb6 Qc8 29. Qe3 Qc4 30. Nd2 Qd3 31. Qxd3 Rxd3 32. Rc2 a5 33. f3 b4 34. axb4 axb4 35. Ncb1 Rd4 36. Kf2 Ba6 37. Nb3 Rd1 38. Rc1 Rxc1 39. Nxc1 Nd7 40. Nd2 Kf8 41. Na2 Ke7 42. Nxb4 Bb5 43. Ke3 Kd6 44. Kd4 e5+ 45. Kc3 Nb6 46. b3 Be2 47. Nc2 Nd7 48. Ne3 g6 49. Ndc4+ Kc6 50. Ng4 f6 51. Nxh6 Bf1 52. Ne3 Ba6 53. Nhg4 Kd6 54. b4 Bb5 55. Nd5 f5 56. Nge3 Be2 57. Kd2 Ba6 58. exf5 gxf5 59. Nc3 f4 60. Ne4+ Kc6 61. Nf5 Bf1 62. Nh4 Nb6 63. Ke1 Bd3 64. Kd2 Bf1 65. Nc3 Nc4+ 66. Ke1 Bd3 67. Kf2 Bh7 68. g4 fxg3+ 69. Kxg3 Ne3 70. Ng2 Nc2 71. b5+ Kb6 72. Kg4 Nd4 73. Ne3 Kc5 74. h4 Kb4 75. Ned5+ Kc5 76. h5 Bf5+ 77. Kg3 Nxb5 78. Nxb5 Kxd5 79. Nc3+ Ke6 80. Ne4 Ke7 81. Kh4 Kf8 82. Kg5 Bh3 83. Kf6 Bg2 84. Ng5 Kg8 85. h6 Bxf3 86. Nxf3 Kh7 87. Kg5 e4 88. Nd4 e3 89. Kh5 Kg8 90. Kg6 Kh8 91. Ne2 Kg8 92. Nf4 Kh8 93. h7 1-0

[Event "2026 European Womens Championship"]
[Site "Batumi, GE"]
[Date "2026.05.28"]
[Round "4"]
[White "Beydullayeva, Govhar"]
[Black "Ibrahimova, Sabina"]
[Result "1/2-1/2"]
[Board "21"]
[TimeControl "5400+30"]
[WhiteFideId "13413015"]
[BlackFideId "13403893"]
[WhiteElo "2368"]
[BlackElo "2205"]
[WhiteTitle "WGM"]
[BlackTitle "WIM"]
[WhiteClock "0:01:34"]
[BlackClock "0:01:10"]
[Variant "Standard"]

1. d4 d5 2. c4 e6 3. Nc3 h6 4. Bf4 Bd6 5. Bxd6 Qxd6 6. e3 Nf6 7. cxd5 exd5 8. Bd3 Nc6 9. Nge2 Ne7 10. Qc2 c6 11. f3 O-O 12. h3 c5 13. dxc5 Qxc5 14. Kf2 Nc6 15. Na4 Qd6 16. Qc5 Qe5 17. Qc3 Bd7 18. Nc5 Qxc3 19. Nxc3 d4 20. exd4 Nxd4 21. Nxd7 Nxd7 22. Rad1 Ne5 23. Be4 Nec6 24. Rd2 Rac8 25. Rhd1 Rfd8 26. Bd5 Nf5 27. Be4 Nfd4 28. Bd5 Nf5 29. Ne4 Nfe7 30. Bb3 Rxd2+ 31. Rxd2 Na5 32. Bd1 Rc7 33. Rd8+ Kh7 34. Be2 Nac6 35. Rd2 Ng6 36. g3 Nf8 37. Bd3 Kg8 38. Bc4 Rd7 39. Rxd7 Nxd7 40. Nd6 Nd8 41. Bd5 b6 42. Nc8 a6 43. Ke3 Kf8 44. f4 Ke8 45. f5 b5 46. Kd4 Nf6 47. Nd6+ Ke7 48. Ne4 Nxe4 49. Kxe4 f6 50. b4 Kd6 51. a3 Nc6 52. h4 Nd8 53. Ba8 Nc6 54. Bb7 Nb8 55. g4 Kc7 56. Ba8 Kd6 57. Kf4 Nc6 58. Bb7 Kc7 59. Bxc6 Kxc6 60. Ke4 Kd6 61. h5 1/2-1/2

[Event "2026 European Womens Championship"]
[Site "Batumi, GE"]
[Date "2026.05.28"]
[Round "4"]
[White "Kirtadze, Anastasia"]
[Black "Mkrtchian, Lilit"]
[Result "1/2-1/2"]
[Board "22"]
[TimeControl "5400+30"]
[WhiteFideId "13622714"]
[BlackFideId "13300601"]
[WhiteElo "2233"]
[BlackElo "2366"]
[WhiteTitle "WIM"]
[BlackTitle "IM"]
[WhiteClock "0:50:03"]
[BlackClock "1:26:29"]
[Variant "Standard"]

1. e4 e6 2. d4 d5 3. Nc3 Nf6 4. Bg5 dxe4 5. Nxe4 Nbd7 6. Nf3 h6 7. Nxf6+ Nxf6 8. Be3 Bd7 9. Ne5 Ba4 10. Qd3 Nd7 11. Qc4 Nb6 12. Qd3 Nd7 13. Qc4 Nb6 14. Qd3 Nd7 15. Qd1 1/2-1/2

[Event "2026 European Womens Championship"]
[Site "Batumi, GE"]
[Date "2026.05.28"]
[Round "4"]
[White "Mkrtchyan, Mariam"]
[Black "Rudzinska, Michalina"]
[Result "1/2-1/2"]
[Board "23"]
[TimeControl "5400+30"]
[WhiteFideId "13310828"]
[BlackFideId "1172883"]
[WhiteElo "2365"]
[BlackElo "2200"]
[WhiteTitle "WGM"]
[BlackTitle "WGM"]
[WhiteClock "0:08:14"]
[BlackClock "0:11:31"]
[Variant "Standard"]

1. e4 c6 2. d4 d5 3. Nc3 dxe4 4. Nxe4 Nf6 5. Nxf6+ exf6 6. c3 Bd6 7. Bd3 O-O 8. Ne2 Re8 9. O-O Nd7 10. Ng3 g6 11. Bh6 Bf8 12. Qd2 f5 13. Rae1 Bxh6 14. Qxh6 Nf8 15. Re3 c5 16. Rxe8 Qxe8 17. dxc5 Qc6 18. b4 Qd5 19. Rd1 Be6 20. Be2 Qxa2 21. Bf3 Bb3 22. Qd2 Qa6 23. Qd6 Qb5 24. Ra1 Ne6 25. Qe7 Nd8 26. Be2 Qc6 27. c4 Qe6 28. Qxe6 Nxe6 29. Bf3 a5 30. Bxb7 Rb8 31. c6 axb4 32. Nf1 f4 33. Nd2 Bc2 34. Re1 Rd8 35. Rxe6 Rxd2 36. g4 fxg3 37. hxg3 Bf5 38. Re3 Rc2 39. Ba6 Rc3 40. Re8+ Kg7 41. c7 Ra3 42. c8=Q Bxc8 43. Bxc8 b3 44. Bf5 gxf5 45. Rb8 Kf6 46. Rb5 f4 47. gxf4 Ra4 48. c5 Rc4 49. Rxb3 Rxc5 1/2-1/2

[Event "2026 European Womens Championship"]
[Site "Batumi, GE"]
[Date "2026.05.28"]
[Round "4"]
[White "Bulmaga, Irina"]
[Black "Chernyak, Viktoria"]
[Result "0-1"]
[Board "24"]
[TimeControl "5400+30"]
[WhiteFideId "13903063"]
[BlackFideId "24165956"]
[WhiteElo "2361"]
[BlackElo "2191"]
[WhiteTitle "IM"]
[BlackTitle "WGM"]
[WhiteClock "0:00:47"]
[BlackClock "0:04:38"]
[Variant "Standard"]

1. e4 c5 2. Nf3 Nc6 3. Bb5 d6 4. O-O Bd7 5. Re1 a6 6. Bf1 e5 7. c3 Be7 8. h3 g5 9. d4 h5 10. d5 Na7 11. Qd2 g4 12. Ng5 h4 13. hxg4 Bxg4 14. Be2 Bd7 15. Qe3 h3 16. Nxh3 Bh4 17. Na3 Nf6 18. Nc4 Bxh3 19. gxh3 b5 20. Nd2 Qd7 21. Qf3 Ke7 22. Qf5 Rag8+ 23. Kf1 Qc7 24. Nf3 Rh5 25. Nxh4 Rxf5 26. Nxf5+ Kd7 27. Bf3 Nc8 28. h4 Qa5 29. Bd2 Ne7 30. Nxe7 Kxe7 31. b3 Ng4 32. Ke2 Nh2 33. h5 f5 34. exf5 Nxf3 35. Kxf3 Kf6 36. h6 Kxf5 37. Rg1 Qd8 38. Rg7 Qe8 39. Rag1 Qh5+ 40. Kg2 Rxg7+ 41. hxg7 Qg4+ 42. Kf1 Qd1+ 43. Be1 Qd3+ 44. Kg2 Qxd5+ 45. Kh2 Qg8 46. Rg3 c4 47. bxc4 bxc4 48. Bd2 d5 49. Bh6 Ke6 50. Be3 Kf5 51. Kg2 Ke4 52. Bh6 d4 53. Kf1 d3 54. a3 Kd5 55. Ke1 Kc6 56. Rg6+ Kb5 57. Be3 a5 58. Kd2 Ka4 59. Bc5 Kb3 60. Rb6+ Ka2 61. Rg6 Kb2 62. f3 Kb3 63. Rg4 Kb2 64. Bb6 Kxa3 65. Bxa5 Kb3 66. Bd8 e4 67. Rg6 e3+ 68. Kd1 Kxc3 69. Bf6+ Kb3 70. Bd4 e2+ 71. Kd2 e1=Q+ 0-1

[Event "2026 European Womens Championship"]
[Site "Batumi, GE"]
[Date "2026.05.28"]
[Round "4"]
[White "Hryzlova, Sofiia"]
[Black "Milliet, Sophie"]
[Result "1/2-1/2"]
[Board "25"]
[TimeControl "5400+30"]
[WhiteFideId "14174669"]
[BlackFideId "623725"]
[WhiteElo "2226"]
[BlackElo "2361"]
[WhiteTitle "WIM"]
[BlackTitle "IM"]
[WhiteClock "0:29:36"]
[BlackClock "0:26:11"]
[Variant "Standard"]

1. d4 Nf6 2. c4 e6 3. Nc3 Bb4 4. e3 O-O 5. Bd3 d5 6. cxd5 exd5 7. a3 Bd6 8. Qc2 a6 9. Nf3 Re8 10. b4 Nbd7 11. O-O Nf8 12. h3 c6 13. Bb2 Ng6 14. Rfe1 Bd7 15. Ng5 Nh5 16. Nf3 Nf6 17. Rad1 Rc8 18. e4 dxe4 19. Nxe4 Nxe4 20. Bxe4 Be6 21. Ne5 Qh4 22. Qc3 Nf4 23. Bc1 Nd5 24. Qc2 Nf6 25. Bf5 Qh5 26. Bd3 Bd5 27. Be2 Qh4 28. Nf3 Bxf3 29. Bxf3 Rxe1+ 30. Rxe1 Qxd4 31. Kf1 Re8 32. Rxe8+ Nxe8 33. Bb2 Qf4 34. Be4 Nf6 35. Bxf6 Qxf6 36. Bxh7+ Kf8 37. Qf5 Qa1+ 38. Ke2 Qb2+ 39. Kf1 Qc1+ 40. Ke2 Qb2+ 41. Kf1 Qc1+ 42. Ke2 1/2-1/2

[Event "2026 European Womens Championship"]
[Site "Batumi, GE"]
[Date "2026.05.28"]
[Round "4"]
[White "Sieber, Fiona"]
[Black "Brunello, Marina"]
[Result "1-0"]
[Board "26"]
[TimeControl "5400+30"]
[WhiteFideId "12902373"]
[BlackFideId "822590"]
[WhiteElo "2224"]
[BlackElo "2346"]
[WhiteTitle "WGM"]
[BlackTitle "IM"]
[WhiteClock "0:19:06"]
[BlackClock "0:21:44"]
[Variant "Standard"]

1. e4 c5 2. Nf3 d6 3. Bb5+ Nd7 4. d4 cxd4 5. Nxd4 a6 6. Bd3 e5 7. Nf5 Nc5 8. Nc3 h6 9. O-O Nf6 10. Re1 Be6 11. b4 Nxd3 12. Qxd3 Bxf5 13. exf5 Be7 14. Nd5 Nxd5 15. Qxd5 Qc7 16. c4 O-O 17. Be3 Rfc8 18. Rac1 Qc6 19. a4 Qxa4 20. Qxb7 Bf6 21. Ra1 Qc2 22. b5 a5 23. b6 Rab8 24. Qd7 Rd8 25. Qb5 Bg5 26. Bxg5 hxg5 27. Rxa5 Qxf5 28. Ra7 Qe6 29. Rb1 Kh7 30. Rc7 Rdc8 31. Rxc8 Qxc8 32. b7 Qc5 33. Qxc5 dxc5 34. g4 g6 35. Rb5 Kg7 36. Kg2 e4 37. Kf1 f5 38. gxf5 gxf5 39. Rxc5 Rxb7 40. Rxf5 Rb1+ 41. Ke2 Rc1 42. Rxg5+ Kf6 43. Rc5 Rc3 44. h4 Rh3 45. h5 Ke6 46. h6 Kd6 47. Ra5 Ke6 48. Kf1 Kf7 49. Ra6 Rc3 50. Rc6 Rh3 51. Ke2 Rc3 52. h7 Kg7 53. Rc7+ Kh8 54. c5 Rc2+ 55. Ke3 Rc4 56. c6 Rc2 57. Rc8+ Kxh7 58. Kxe4 Rxf2 59. Ke5 Rd2 60. Rf8 1-0

[Event "2026 European Womens Championship"]
[Site "Batumi, GE"]
[Date "2026.05.28"]
[Round "4"]
[White "Gaponenko, Inna"]
[Black "Skvortsova, Alena"]
[Result "1/2-1/2"]
[Board "27"]
[TimeControl "5400+30"]
[WhiteFideId "14101181"]
[BlackFideId "24166251"]
[WhiteElo "2331"]
[BlackElo "2135"]
[WhiteTitle "IM"]
[BlackTitle "WFM"]
[WhiteClock "0:39:36"]
[BlackClock "0:30:09"]
[Variant "Standard"]

1. e4 c5 2. Nf3 Nc6 3. d4 cxd4 4. Nxd4 Nf6 5. Nc3 e5 6. Ndb5 d6 7. Bg5 a6 8. Na3 b5 9. Nd5 Be7 10. Bxf6 Bxf6 11. c4 b4 12. Nc2 O-O 13. g3 Bg5 14. Bg2 Qa5 15. O-O Qc5 16. b3 Rb8 17. Qd3 Rb7 18. a3 a5 19. axb4 axb4 20. Ra8 Be6 21. Rxf8+ Kxf8 22. Ra1 g6 23. h4 Bd8 24. Ra8 Kg7 25. Qf3 Ra7 26. Rxa7 Qxa7 27. Ndxb4 Nxb4 28. Nxb4 Qa1+ 29. Bf1 Bb6 30. Nd5 Bxd5 31. cxd5 h5 32. Kg2 Qd4 33. Bb5 Kf8 34. Bd7 Ke7 35. Bh3 Qd2 36. g4 hxg4 37. Bxg4 Qf4 38. Qxf4 exf4 39. h5 gxh5 40. Bxh5 Bd4 41. Kf3 Kf6 42. Ke2 Ke7 43. f3 f6 44. Kd3 Bf2 45. Kc4 Kd7 46. Kb5 Kc7 47. b4 Bg1 48. Ka6 Bf2 49. b5 1/2-1/2

[Event "2026 European Womens Championship"]
[Site "Batumi, GE"]
[Date "2026.05.28"]
[Round "4"]
[White "Tirpan, Ceren"]
[Black "Khukhashvili, Sopiko"]
[Result "1/2-1/2"]
[Board "28"]
[TimeControl "5400+30"]
[WhiteFideId "26385309"]
[BlackFideId "13602055"]
[WhiteElo "2209"]
[BlackElo "2329"]
[WhiteTitle "WFM"]
[BlackTitle "IM"]
[WhiteClock "0:20:21"]
[BlackClock "0:17:18"]
[Variant "Standard"]

1. c4 Nf6 2. Nc3 e6 3. e4 d5 4. cxd5 exd5 5. e5 Ne4 6. Nf3 Bf5 7. d3 Nxc3 8. bxc3 c5 9. d4 c4 10. a4 Nc6 11. Be2 Be7 12. O-O O-O 13. Ne1 Na5 14. Nc2 Nb3 15. Ra2 f6 16. exf6 Bxf6 17. Ne3 Be6 18. Bg4 Bf7 19. Ba3 Be7 20. Bxe7 Qxe7 21. Re1 Qd6 22. Nf5 Qf6 23. Ne7+ Kh8 24. Bf3 Rad8 25. Re5 Qb6 26. Rae2 Qa5 27. Qe1 Qxa4 28. Nxd5 Qa3 29. Nb4 Nc1 30. Rc2 Nd3 31. Nxd3 cxd3 32. Rc1 Qb2 33. Rb1 Qa2 34. Ra1 d2 35. Qb1 Qc4 36. Qb2 b5 37. Qxd2 b4 38. cxb4 Rxd4 39. Qe1 a6 40. h3 Bg6 41. Rc5 Qxb4 42. Qxb4 Rxb4 43. Rxa6 Be4 44. Bxe4 Rxe4 45. Ra7 Re1+ 46. Kh2 Re6 47. Rcc7 Rg6 48. Rf7 Kg8 49. Rxf8+ Kxf8 50. f4 Rb6 51. Kg3 Kg8 52. Rc7 Ra6 53. h4 Ra5 54. Kg4 h5+ 55. Kh3 Ra3+ 56. g3 g6 57. Kg2 Ra2+ 58. Kf3 Ra3+ 59. Ke4 Rxg3 60. Ke5 Rg4 61. Kf6 Rxf4+ 62. Kxg6 Rg4+ 63. Kxh5 Rg7 64. Rxg7+ 1/2-1/2

[Event "2026 European Womens Championship"]
[Site "Batumi, GE"]
[Date "2026.05.28"]
[Round "4"]
[White "Rodriguez Redondo, Adhara"]
[Black "Iglesias, Yosha"]
[Result "0-1"]
[Board "29"]
[TimeControl "5400+30"]
[WhiteFideId "32065698"]
[BlackFideId "637823"]
[WhiteElo "2200"]
[BlackElo "2325"]
[WhiteTitle "WFM"]
[BlackTitle "FM"]
[WhiteClock "0:01:35"]
[BlackClock "0:18:32"]
[Variant "Standard"]

1. e4 c6 2. d4 d5 3. e5 c5 4. dxc5 e6 5. Nf3 Bxc5 6. Bd3 Nc6 7. O-O Nge7 8. Nbd2 Ng6 9. Nb3 Bb6 10. Re1 O-O 11. c3 Bc7 12. Bxg6 fxg6 13. Nbd4 Bd7 14. b3 Nxd4 15. Nxd4 Qh4 16. Qe2 Rac8 17. Ba3 Rf7 18. Nf3 Qh5 19. Bd6 Bb6 20. Rac1 h6 21. Rc2 a6 22. a4 d4 23. Nxd4 Bxd4 24. cxd4 Rxc2 25. Qxc2 Bc6 26. Re3 Qg4 27. Rg3 Qxd4 28. h3 g5 29. b4 Qa1+ 30. Kh2 Qxa4 31. Qxa4 Bxa4 32. Kg1 Rf4 33. Rd3 Re4 34. Rf3 Bc6 35. Rf8+ Kh7 36. Rf7 Kg6 37. Rf8 Rf4 38. Kf1 Bb5+ 39. Kg1 Rxf8 40. Bxf8 Kf7 41. Bc5 Ke8 42. f3 g6 43. Kf2 Kd7 44. Bf8 h5 45. Bh6 g4 46. hxg4 hxg4 47. fxg4 Kc6 48. Ke3 Kd5 49. Bg7 Bf1 50. Bf6 Bxg2 51. g5 Kc4 52. Be7 Kc3 53. Bc5 Bh3 54. Ke2 Bg4+ 55. Ke3 Bd1 56. Ke4 Kc4 57. Bd6 Bc2 58. Ke3 Bb1 59. Kd2 Kd4 60. Kc1 Ba2 61. Kd2 Bd5 62. Ke2 Ke4 63. Kf2 Kf4 64. Be7 Kxe5 65. Ke3 Bc6 66. Bf6+ Kf5 67. Be7 e5 68. Bd8 Ke6 69. Bf6 Kd5 70. Be7 Bd7 71. Bd8 Bf5 72. Bf6 e4 73. Bc3 Kc4 74. Be1 b6 75. Bd2 Kb5 76. Kd4 a5 77. bxa5 bxa5 78. Kc3 a4 79. Bc1 Kc5 80. Be3+ Kd5 81. Kb4 Bd7 82. Kc3 Ke5 83. Bc1 Bc6 84. Kc4 Bd5+ 85. Kc3 Kf5 86. Kd4 Bb7 87. Kc3 Kg4 88. Kd4 Kf3 89. Ba3 e3 90. Kd3 e2 91. Kd2 Kf2 92. Bc5 Kf1 0-1

[Event "2026 European Womens Championship"]
[Site "Batumi, GE"]
[Date "2026.05.28"]
[Round "4"]
[White "Olde, Margareth"]
[Black "Avramidou, Anastasia"]
[Result "1/2-1/2"]
[Board "30"]
[TimeControl "5400+30"]
[WhiteFideId "4503082"]
[BlackFideId "4239873"]
[WhiteElo "2194"]
[BlackElo "2320"]
[WhiteTitle "WIM"]
[BlackTitle "FM"]
[WhiteClock "0:18:01"]
[BlackClock "0:55:06"]
[Variant "Standard"]

1. d4 Nf6 2. c4 e6 3. Nf3 d5 4. g3 dxc4 5. Bg2 Bb4+ 6. Bd2 a5 7. Qc1 Bxd2+ 8. Qxd2 c6 9. a4 b5 10. axb5 cxb5 11. Qg5 O-O 12. Qxb5 Ba6 13. Qxa5 Bb7 14. Qxd8 Rxa1 15. Qxf8+ Kxf8 16. O-O Ra2 17. Ne5 Ba6 18. Rc1 Rxb2 19. Na3 Nbd7 20. Naxc4 Bxc4 21. Nxc4 Rxe2 22. Bf3 Ra2 23. h4 h5 24. Ne5 g6 25. Rc8+ Kg7 26. Rc7 Nxe5 27. dxe5 Ng8 28. Bg2 Ra5 29. f4 Ra1+ 30. Kf2 Ra2+ 31. Kg1 Ra1+ 1/2-1/2

[Event "2026 European Womens Championship"]
[Site "Batumi, GE"]
[Date "2026.05.28"]
[Round "4"]
[White "Peycheva, Gergana"]
[Black "Sliwicka, Alicja"]
[Result "0-1"]
[Board "31"]
[TimeControl "5400+30"]
[WhiteFideId "2916711"]
[BlackFideId "1150677"]
[WhiteElo "2186"]
[BlackElo "2315"]
[WhiteTitle "FM"]
[BlackTitle "WGM"]
[WhiteClock "0:00:32"]
[BlackClock "0:16:55"]
[Variant "Standard"]

1. d4 d5 2. c4 e6 3. Nc3 h6 4. Nf3 Nf6 5. cxd5 exd5 6. Bf4 Bd6 7. Bxd6 Qxd6 8. e3 Bf5 9. Bd3 Bxd3 10. Qxd3 c6 11. O-O O-O 12. Ne5 Nbd7 13. Nxd7 Nxd7 14. a3 a5 15. Rfe1 Rfd8 16. Rad1 b5 17. e4 dxe4 18. Nxe4 Qg6 19. h3 Nf6 20. Nxf6+ Qxf6 21. Re4 Rd5 22. Qe3 a4 23. g3 Rad8 24. h4 h5 25. b4 axb3 26. Qxb3 Rxd4 27. Rdxd4 Rxd4 28. Re8+ Kh7 29. Re3 Qg6 30. Kh2 Rc4 31. Qd1 Rc5 32. Kg2 Qc2 33. Qd4 Rd5 34. Qa7 Rf5 35. Re1 c5 36. Rf1 Qe4+ 37. Kg1 Qd4 38. Kg2 Qd5+ 39. Kg1 Rf3 40. Qa5 c4 41. a4 Rb3 42. axb5 Rxb5 43. Qc3 Rb3 44. Qc2+ Rd3 45. Rc1 g6 46. Qe2 c3 47. Kh2 Qd4 48. Kg2 Kg7 49. Re1 c2 50. Rf1 Rd2 51. Qe7 Rd1 52. Qc7 Rxf1 0-1

[Event "2026 European Womens Championship"]
[Site "Batumi, GE"]
[Date "2026.05.28"]
[Round "4"]
[White "Abdinova, Narmin"]
[Black "Matnadze Bujiashvili, Ann"]
[Result "1-0"]
[Board "32"]
[TimeControl "5400+30"]
[WhiteFideId "13425340"]
[BlackFideId "13601377"]
[WhiteElo "2165"]
[BlackElo "2310"]
[WhiteTitle "WIM"]
[BlackTitle "IM"]
[WhiteClock "0:02:22"]
[BlackClock "0:01:27"]
[Variant "Standard"]

1. e4 c5 2. Nf3 Nc6 3. d4 cxd4 4. Nxd4 Nf6 5. Nc3 d6 6. Be2 Nxd4 7. Qxd4 g6 8. g4 Bg7 9. g5 Nh5 10. Qd3 Be6 11. Nd5 Rc8 12. Be3 f5 13. O-O-O O-O 14. Rd2 Rf7 15. a3 b5 16. Bxa7 Bxd5 17. Qxd5 Nf4 18. Qb3 fxe4 19. Bxb5 e6 20. Be3 d5 21. Kb1 Qxg5 22. c4 Rb8 23. cxd5 Qg2 24. dxe6 Qxh1+ 25. Rd1 Qxd1+ 26. Qxd1 Nxe6 27. Bc4 Rxb2+ 28. Kc1 Kh8 29. Qd6 Rfb7 30. Kd1 Nf8 31. Bd4 Rb8 32. Bxb2 Rxb2 33. Qd5 Rb1+ 34. Kc2 Rb2+ 35. Kc1 1-0

[Event "2026 European Womens Championship"]
[Site "Batumi, GE"]
[Date "2026.05.28"]
[Round "4"]
[White "Hrebenshchykova, Yelyzaveta"]
[Black "Ivanytska, Liudmyla"]
[Result "1-0"]
[Board "33"]
[TimeControl "5400+30"]
[WhiteFideId "14159899"]
[BlackFideId "14176211"]
[WhiteElo "2309"]
[BlackElo "2112"]
[WhiteTitle "WGM"]
[WhiteClock "0:06:09"]
[BlackClock "0:16:09"]
[Variant "Standard"]

1. e4 c5 2. Nf3 e6 3. d4 cxd4 4. Nxd4 Nc6 5. Nc3 Qc7 6. Be3 a6 7. Bd3 Nf6 8. O-O Be7 9. Kh1 d6 10. f4 Nxd4 11. Bxd4 e5 12. Be3 exf4 13. Bxf4 Be6 14. Qe1 O-O 15. e5 dxe5 16. Bxe5 Qd8 17. Rd1 Nd7 18. Qg3 g6 19. Be4 Qc8 20. Nd5 Bd8 21. Bc3 f5 22. Bf3 a5 23. Qd6 Ra6 24. Ne7+ Bxe7 25. Qxe7 Rf7 26. Qg5 b5 27. a3 Qc7 28. Rfe1 Nf8 29. Qe3 b4 30. axb4 axb4 31. Bxb4 Qxc2 32. Bc3 Raa7 33. Rd8 Rae7 34. Qd4 Rg7 35. Qf6 1-0

[Event "2026 European Womens Championship"]
[Site "Batumi, GE"]
[Date "2026.05.28"]
[Round "4"]
[White "Huseynova, Lala"]
[Black "Unuk, Laura"]
[Result "0-1"]
[Board "34"]
[TimeControl "5400+30"]
[WhiteFideId "13431781"]
[BlackFideId "14609215"]
[WhiteElo "2149"]
[BlackElo "2289"]
[WhiteTitle "WFM"]
[BlackTitle "IM"]
[WhiteClock "0:02:40"]
[BlackClock "0:02:23"]
[Variant "Standard"]

1. e4 e5 2. Nf3 Nc6 3. Bb5 a6 4. Ba4 d6 5. O-O Bd7 6. Nc3 Nf6 7. d4 b5 8. dxe5 dxe5 9. Bb3 Bd6 10. Bg5 h6 11. Bxf6 Qxf6 12. Nd5 Qg6 13. Qd3 Rd8 14. Nh4 Qg5 15. Nf5 Bxf5 16. exf5 O-O 17. Rae1 Na5 18. f6 Nxb3 19. fxg7 Rfe8 20. h4 Qxg7 21. Qxb3 e4 22. Qh3 Be5 23. Ne3 Bxb2 24. Nf5 Qg6 25. Re3 Kh7 26. c3 Re5 27. Ng3 f5 28. Ne2 Qf7 29. Qg3 Re7 30. f3 Ba3 31. fxe4 Bc5 32. Nd4 Rxd4 33. cxd4 Bxd4 34. Kh1 Bxe3 35. Qxe3 Qe6 36. Qc3 Qxe4 37. Qf6 Qe6 38. Rxf5 Qxf6 39. Rxf6 a5 40. Rc6 b4 41. Kh2 a4 42. Rc4 c5 43. Rxc5 Rb7 44. g4 b3 45. axb3 axb3 46. Rc1 b2 47. Rb1 Rb3 48. Kg2 Kg6 49. Kf2 Kf7 50. Ke2 Rh3 51. Kf2 Ke6 52. Kg2 Rb3 53. Kf2 Ke5 54. Ke2 Rh3 55. Kf2 Kd4 56. g5 Kc3 57. g6 Rxh4 58. Rg1 Rf4+ 59. Kg3 Rf6 60. Kh4 Rxg6 61. Rxg6 b1=Q 62. Rxh6 Qg1 63. Kh5 Kd4 64. Rg6 Qh2+ 65. Kg5 Ke5 66. Rg7 Ke6 67. Rg6+ Ke5 68. Rg7 Qd2 69. Kh5 Kf6 70. Rg4 Kf5 71. Rf4+ Kxf4 0-1

[Event "2026 European Womens Championship"]
[Site "Batumi, GE"]
[Date "2026.05.28"]
[Round "4"]
[White "Pogorelskikh, Sofia"]
[Black "Liashkevich, Lizaveta"]
[Result "1-0"]
[Board "35"]
[TimeControl "5400+30"]
[WhiteFideId "44164548"]
[BlackFideId "13518658"]
[WhiteElo "2284"]
[BlackElo "2079"]
[WhiteTitle "WGM"]
[BlackTitle "WFM"]
[WhiteClock "0:26:34"]
[BlackClock "0:25:09"]
[Variant "Standard"]

1. e4 e6 2. d4 d5 3. Nc3 Nf6 4. Bg5 dxe4 5. Nxe4 Be7 6. Bxf6 gxf6 7. Qd2 c5 8. dxc5 Qxd2+ 9. Kxd2 a5 10. Rd1 O-O 11. Kc1 Nd7 12. g3 f5 13. c6 Ne5 14. Nc3 Nxc6 15. Bg2 Rd8 16. Nge2 Bd7 17. a4 Be8 18. f4 Rxd1+ 19. Rxd1 Rd8 20. b3 Bc5 21. Rxd8 Nxd8 22. Kd2 Kf8 23. Kd3 Ke7 24. Kc4 b6 25. Nd1 Kd6 26. c3 Kc7 27. b4 Be7 28. Nb2 Nb7 29. Bxb7 Kxb7 30. Nd4 Bc6 31. Nxc6 Kxc6 32. Nd3 f6 33. Nc1 e5 34. bxa5 bxa5 35. Nb3 Bd8 36. Nc5 Bb6 37. Ne6 Bc7 38. h3 Bd6 39. h4 Kd7 40. Kd5 h6 41. h5 e4 42. Nd4 e3 43. Kc4 Ba3 44. Kd3 Bb2 45. Ne2 Kc6 46. Kxe3 Kd5 47. Kd3 Ba3 48. Nd4 Bf8 49. Nxf5 Kc5 50. Nd4 Bd6 51. Nb3+ Kd5 52. Nxa5 Bc5 53. Nc4 Bf2 54. Ne3+ Kc5 55. g4 Bg3 56. Ke4 1-0